 Dungeon Crawl Stone Soup version 0.27-a0-416-gca2cecf3c0 (webtiles) character file.

Game seed: 12346398162306696563

256491 Morbidden the End of an Era (level 19, -9/149 HPs)
             Began as a Demonspawn Brigand on Feb 25, 2021.
             Was the Champion of Qazlal.
             Mangled by Mennas
             ... wielding a +3 sacred scourge of holy wrath
              (11 damage)
             ... on level 3 of the Vaults.
             The game lasted 01:18:01 (34408 turns).

Morbidden the End of an Era (Demonspawn Brigand)   Turns: 34408, Time: 01:18:01

Health: -9/149     AC: 37    Str: 19    XL:     19   Next: 45%
Magic:  33/33      EV: 17    Int: 28    God:    Qazlal [******]
Gold:   2841       SH:  0    Dex: 28    Spells: 30/39 levels left

rFire    + . .     SeeInvis .   a - +7 demon blade of Compound Interest {flame, Fragile Int+4}
rCold    . . .     Faith    .   g - +0 kite shield {reflect}
rNeg     . . .     Spirit   .   v - +1 chain mail of Responsibility {rF+ rCorr Dex+4}
rPois    .         Reflect  +   s - +2 helmet
rElec    .         Harm     .   c - +2 cloak {rCorr}
rCorr    +         Rampage  .   h - +2 pair of gloves {archery}
Will     +....                  (boots unavailable)
Stlth    ..........             V - amulet of Lemaffeu {*Drain Regen+ Int+5 Dex+3 Slay+5}
HPRegen  1.34/turn              j - +6 ring of strength
MPRegen  0.23/turn              K - +6 ring of dexterity

@: confused, protected from physical damage, glowing, silenced, repel missiles
A: talons 3, iridescent scales 2, icemail 2, condensation shield, demonic magic
2
}: 1/15 runes: barnacled
a: Renounce Religion


You were on level 3 of the Vaults.
You worshipped Qazlal.
Qazlal was exalted by your worship.
You visited 6 branches of the dungeon, and saw 31 of its levels.
You visited the Abyss 1 time.
You also visited: Trove and Gauntlet.

You collected 3501 gold pieces.
You spent 660 gold pieces at shops.

Inventory:

Hand Weapons
 a - the +7 demon blade of Compound Interest (weapon) {flame, Fragile Int+4}
   (You took it off a minotaur in a Gauntlet)

   It has been specially enchanted to burn those struck by it, causing extra
   injury to most foes and up to half again as much damage against particularly
   susceptible opponents.
   Big, fiery blades are also staple armaments of hydra-hunters.
   It affects your intelligence (+4).
   It will be destroyed if unequipped.
 Q - a +1 scimitar of flaming
Missiles
 d - 56 poisoned darts
 e - 4 throwing nets
 p - 13 silver javelins
 u - 6 silver boomerangs
 y - 92 boomerangs
 J - 6 curare-tipped darts
 N - 72 javelins
Armour
 c - a +2 cloak of preservation (worn)
 g - a +0 kite shield of reflection (worn)
 h - a +2 pair of gloves of archery (worn)
 s - a +2 helmet (worn)
 v - the +1 chain mail of Responsibility (worn) {rF+ rCorr Dex+4}
   (You found it on level 9 of the Dungeon)

   It affects your dexterity (+4).
   It protects you from fire.
   It provides partial protection from all sources of acid and corrosion.
Jewellery
 j - a +6 ring of strength (left hand)
 K - a +6 ring of dexterity (right hand)
 R - a ring of magical power
 S - a ring of magical power
 V - the amulet of Lemaffeu (around neck) {*Drain Regen+ Int+5 Dex+3 Slay+5}
   (You found it on level 3 of the Lair of Beasts)

   [amulet of regeneration]

   It affects your intelligence (+5).
   It affects your dexterity (+3).
   It affects your accuracy and damage with ranged weapons and melee attacks
   (+5).
   It increases your rate of regeneration.
   It causes draining when unequipped.
Wands
 H - a wand of acid (22)
 I - a wand of flame (85)
 L - a wand of random effects (55) (quivered)
 O - a wand of mindburst (49)
 P - a wand of paralysis (39)
 T - a wand of digging (10)
 U - a wand of iceblast (7)
Scrolls
 i - 6 scrolls of enchant armour
 l - 7 scrolls of immolation
 m - 8 scrolls of teleportation
 n - 5 scrolls of enchant weapon
 o - 7 scrolls of fear
 r - 8 scrolls of identify
 w - 2 scrolls of amnesia
 x - 5 scrolls of magic mapping
 E - 2 scrolls of fog
 X - 2 scrolls of blinking
Potions
 b - 6 potions of brilliance
 f - 2 potions of ambrosia
 k - 4 potions of flight
 q - 4 potions of magic
 t - 4 potions of lignification
 z - 3 potions of mutation
 A - a potion of resistance
 B - 5 potions of heal wounds
 C - 2 potions of invisibility
 D - a potion of cancellation
 F - 5 potions of berserk rage
 G - 3 potions of haste
 M - 4 potions of curing
 Z - 3 potions of might
Miscellaneous
 W - a phantom mirror (inert)
 Y - a condenser vane (inert)


   Skills:
 * Level 13.3 Fighting
 + Level 9.3(11.4) Short Blades
 * Level 11.0(12.2) Long Blades
 + Level 2.1(4.5) Slings
 + Level 6.2(6.4) Throwing
 + Level 8.6 Armour
 * Level 11.1 Dodging
 + Level 5.4 Stealth
 + Level 11.3 Shields
 * Level 10.7 Spellcasting
 * Level 7.8 Transmutations
 * Level 8.5 Air Magic
 * Level 13.8 Invocations
 + Level 4.0 Evocations


You had 30 spell levels left.
You knew the following spells:

 Your Spells              Type           Power        Failure   Level
a - Airstrike             Air            29%          16%         4
b - Blade Hands           Tmut           28%          50%         5

Your spell library contained the following spells:

 Spells                   Type           Power        Failure   Level
 Beastly Appendage        Tmut           100%         1%          1
 Swiftness                Air            58%          2%          2
 Wereblood                Tmut           56%          3%          2
 Shock                    Conj/Air       100%         9%          1
 Corpse Rot               Necr/Air       N/A          13%         2
 Poisonous Vapours        Pois/Air       76%          13%         2
 Static Discharge         Conj/Air       38%          26%         3
 Spider Form              Tmut/Pois      18%          30%         3
 Mephitic Cloud           Conj/Pois/Air  30%          43%         3
 Corona                   Hex            16%          45%         1
 Freeze                   Ice            60%          45%         1
 Ensorcelled Hibernation  Hex/Ice        30%          58%         2
 Ice Form                 Ice/Tmut       37%          69%         4
 Petrify                  Tmut/Erth      37%          69%         4
 Confusing Touch          Hex            15%          83%         3
 Conjure Flame            Conj/Fire      15%          83%         3
 Dazzling Flash           Conj/Hex       30%          83%         3
 Frozen Ramparts          Ice            30%          83%         3
 Gell's Gravitas          Tloc           7%           83%         3
 Ozocubu's Armour         Ice            15%          83%         3
 Stone Arrow              Conj/Erth      30%          83%         3
 Tukima's Dance           Hex            15%          83%         3
 Lightning Bolt           Conj/Air       19%          94%         5
 Yara's Violent Unravell  Hex/Tmut       18%          95%         5
 Hydra Form               Tmut           28%          97%         6
 Hailstorm                Conj/Ice       15%          99%         4
 Summon Ice Beast         Ice/Summ       15%          99%         4
 Metabolic Englaciation   Hex/Ice        7%           100%        5
 Summon Forest            Summ/Tloc      7%           100%        5
 Eringya's Noxious Bog    Tmut/Pois      18%          100%        6
 Freezing Cloud           Conj/Ice/Air   15%          100%        6
 Simulacrum               Ice/Necr       7%           100%        6
 Ozocubu's Refrigeration  Ice            7%           100%        7
 Summon Hydra             Summ           7%           100%        7


Dungeon Overview and Level Annotations

Branches:
Dungeon (15/15)            Temple (1/1) D:5            Lair (6/6) D:8
 Shoals (4/4) Lair:4        Snake (0/4) Lair:4        Slime (0/5) Lair:6
    Orc (2/2) D:9             Elf (0/3) Orc:2        Vaults (3/5) D:14
  Crypt (0/3) Vaults:3     Depths (0/5) D:15        Gauntlet (visited)

Altars:
Ashenzari
Cheibriados
Dithmenos
Elyvilon
Fedhas
Gozag
Hepliaklqana
Kikubaaqudgha
Makhleb
Nemelex Xobeh
Okawaru
Qazlal
Ru
Sif Muna
Trog
Uskayaw
Vehumet
Wu Jian
Xom
Yredelemnul
Zin
The Shining One
Beogh
Jiyva

Shops:
D:9 ?   D:14 ?((:   D:15 (   Orc:2 (:[*[=   Shoals:2 [   Vaults:2 ([!*

Annotations:
D:6 TimeIsEndless's ghost, novice KoBr
D:14 Roxanne
Vaults:3 Mennas


Innate Abilities, Weirdness & Mutations

You have claws for feet.
You are mostly covered in iridescent scales. (AC +4)
A meltable icy envelope protects you from harm. (AC +8)
A meltable shield of frost defends you. (SH +4)
Spells you cast may paralyse nearby enemies.


Message History

Mennas's surroundings become eerily quiet.
Mennas blocks your attack.
Your kick misses Mennas.
Mennas is almost dead.
Mennas hits you with a +3 sacred scourge of holy wrath.
You convulse.
Mennas hits you but does no damage.
You bump into the stone wall.
Mennas closely misses you. Mennas hits you but does no damage.
Mennas misses you. Mennas hits you but does no damage.
Unknown command.
You're too confused to move!
Mennas barely misses you. Mennas hits you but does no damage.
You bump into the stone wall.
Mennas is struck by lightning.
Mennas hits you with a +3 sacred scourge of holy wrath!
You feel protected from physical attacks.
You convulse!
Mennas misses you. Mennas hits you but does no damage.
Mennas barely misses you.
Unknown command.
You're too confused to move!
Mennas hits you with a +3 sacred scourge of holy wrath!
You feel more protected from physical attacks.
You convulse!
Mennas hits you with a +3 sacred scourge of holy wrath!
You feel more protected from physical attacks.
You convulse.
* * * LOW HITPOINT WARNING * * *
Unknown command.
You're too confused to move!
Mennas is engulfed in freezing vapours.
Mennas closely misses you. Mennas hits you but does no damage.
Mennas is engulfed in freezing vapours.
Mennas misses you.
Mennas hits you with a +3 sacred scourge of holy wrath.
* * * LOW HITPOINT WARNING * * *
You convulse.
* * * LOW HITPOINT WARNING * * *
Mennas hits you with a +3 sacred scourge of holy wrath!!
* * * LOW HITPOINT WARNING * * *
You feel more protected from physical attacks.
You convulse!
* * * LOW HITPOINT WARNING * * *
Mennas hits you with a +3 sacred scourge of holy wrath!
You die...

##... ### ##.. #.## ##)
#..## ##..
##+################...###...
...............)..#....#....
.............§....#......)..
..........§.......#........#
..........○@§...).'.......##
.........○A.°.....##.......#
######+######.....###.......
#.....# ##...... #.....#
##..).. #.....#####+####
#.....##.......#
#.....##.......#
#.....##.......#


You could see Mennas (silencing).

Vanquished Creatures
  A bone dragon (Vaults:3)
  Rupert (D:14)
  A shadow dragon (Vaults:3)
  Gastronok (Lair:1)
  3 fire giants
  6 vault wardens
  A deep elf sorcerer (Vaults:2)
  A frost giant (D:15)
  11 ironheart preservers
  3 stone giants
  A war gargoyle (Vaults:3)
  An entropy weaver (Vaults:1)
  2 deep elf demonologists (Vaults:2)
  A minotaur (Gauntlet)
  Snorg (Orc:2)
  3 deep elf death magi (Vaults:2)
  2 yaktaur captains
  4 merfolk javelineers
  A fire dragon (Vaults:1)
  3 merfolk impalers
  5 hydras
  3 great orbs of eyes
  5 boulder beetles
  A rakshasa (Vaults:1)
  4 merfolk avatars
  7 ogre magi
  3 ice dragons
  5 vault guards
  21 two-headed ogres
  6 merfolk aquamancers
  A catoblepas (Lair:3)
  Erica (Lair:1)
  4 centaur warriors
  2 death knights (Vaults:2)
  2 satyrs
  A deep troll shaman (Vaults:2)
  3 tengu warriors (D:13)
  An orc high priest (D:13)
  2 shadow wraiths
  14 sea snakes
  2 deep elf archers (Vaults:2)
  7 deep trolls
  4 ironbrand convokers
  An unseen horror (D:13)
  A glowing orange brain (Vaults:3)
  An obsidian statue (Gauntlet)
  3 wizards
  8 orc knights
  3 deep elf pyromancers
  4 necromancers
  3 wolf spiders
  26 harpies
  18 fauns
  2 deep elf zephyrmancers (Vaults:2)
  22 ugly things
  3 orc sorcerers
  4 oklob plants (Lair:3)
  13 manticores
  A large abomination (Abyss:3)
  10 cyclopes
  8 merfolk sirens
  4 black mambas
  5 water nymphs
  A torpor snail (Lair:4)
  12 vault sentinels
  An eye of devastation (Gauntlet)
  A gargoyle (D:15)
  27 cane toads
  3 rime drakes
  3 kobold demonologists
  2 centaur skeletons
  A redback zombie (D:15)
  A komodo dragon (shapeshifter) (Vaults:1)
  3 freezing wraiths
  18 yaktaurs
  A tengu conjurer (D:13)
  8 komodo dragons
  8 wind drakes
  6 trolls
  4 polar bears
  24 merfolk
  A wind drake (shapeshifter) (D:15)
  4 raiju (Abyss:3)
  3 tyrant leeches (Lair:6)
  2 hornets
  31 slime creatures
  25 blink frogs
  6 snapping turtles
  15 dream sheep
  A dream sheep (shapeshifter) (Vaults:3)
  A redback (Vaults:1)
  Sigmund (D:5)
  A tarantella (Vaults:1)
  3 wraiths
  49 yaks
  Eustachio (D:5)
  4 wyverns
  A shadow (D:14)
  20 water elementals
  A hog (shapeshifter) (Vaults:1)
  A golden eye (Gauntlet)
  2 basilisks
  19 humans (D:14)
  A steam dragon (D:13)
  2 wargs (Orc:1)
  10 vampire mosquitoes
  An acid dragon (shapeshifter) (Vaults:1)
  19 water moccasins
  6 acid dragons
  A soldier ant (shapeshifter) (Vaults:2)
  A floating eye (Gauntlet)
  5 sky beasts
  35 orc warriors
  5 ice beasts
  An eye of draining (D:13)
  33 ogres
  7 wolves
  23 centaurs
  2 phantoms
  3 kobold brigands
  31 bullfrogs
  A wyvern skeleton (D:11)
  8 scorpions
  15 wights
  3 electric eels
  2 jellies
  A crimson imp (D:8)
  3 bullfrog zombies
  3 centaur zombies
  A quasit (D:9)
  A hound (D:11)
  15 orc priests
  3 bullfrog skeletons
  Jessica (D:2)
  4 iguanas
  Terence (D:2)
  16 orc wizards
  13 worker ants
  A hound skeleton (D:4)
  A howler monkey zombie (D:7)
  Robin (D:4)
  7 gnolls
  9 adders
  A shadow imp (D:7)
  3 white imps
  4 oozes
  2 adder zombies
  An adder skeleton (D:8)
  A worm (D:2)
  3 dart slugs
  6 leopard geckos
  76 orcs
  7 bats
  5 giant cockroaches
  17 goblins
  9 hobgoblins
  9 jackals
  2 ball pythons (D:5)
  2 frilled lizards
  A jackal skeleton (D:7)
  A jackal zombie (D:9)
  24 kobolds
  A leopard gecko zombie (D:6)
  3 rats
1082 creatures vanquished.

Vanquished Creatures (collateral kills)
  A merfolk impaler (Shoals:4)
  An alligator snapping turtle (Shoals:3)
  A manticore (Shoals:3)
  Joseph (Lair:1)
  A merfolk (Shoals:4)
5 creatures vanquished.

Vanquished Creatures (others)
  3 ogre magi
  A wizard (Vaults:1)
  2 manticores (Shoals:4)
  A merfolk (Shoals:4)
  An ogre (Vaults:3)
  27 fungi
  158 plants
193 creatures vanquished.

Grand Total: 1280 creatures vanquished

Notes
Turn   | Place    | Note
-------+----------+-------------------------------------------
     0 | D:1      | Morbidden the Demonspawn Brigand began the quest for the
                  | Orb.
     0 | D:1      | Reached XP level 1. HP: 16/16 MP: 1/1
   119 | D:1      | Gained mutation: You are partially covered in iridescent
                  | scales. (AC +2) [demonic ancestry]
   119 | D:1      | Reached XP level 2. HP: 17/22 MP: 2/2
   738 | D:1      | Reached skill level 1 in Dodging
  1072 | D:2      | Reached XP level 3. HP: 23/27 MP: 3/3
  1128 | D:2      | Noticed Jessica
  1137 | D:2      | Killed Jessica
  1163 | D:2      | Gained mutation: A meltable shield of frost defends you.
                  | (SH +4) [demonic ancestry]
  1163 | D:2      | Reached XP level 4. HP: 21/34 MP: 4/4
  1574 | D:2      | Noticed Terence
  1576 | D:2      | Killed Terence
  1716 | D:2      | Found an ornate altar of the Wu Jian Council.
  2042 | D:2      | Gained mutation: A meltable icy envelope protects you from
                  | harm. (AC +8) [demonic ancestry]
  2042 | D:2      | Reached XP level 5. HP: 18/40 MP: 5/5
  2413 | D:3      | Found Zin's Purification Station.
  2427 | D:3      | Found a glowing silver altar of Zin.
  2618 | D:3      | Reached skill level 5 in Stealth
  2639 | D:3      | Found a bloodstained altar of Trog.
  2801 | D:4      | Found a sparkling altar of Nemelex Xobeh.
  2801 | D:4      | Found a broken altar of Ashenzari.
  2801 | D:4      | Found a blossoming altar of Fedhas.
  2852 | D:4      | Found a snail-covered altar of Cheibriados.
  2890 | D:4      | Noticed an ogre
  2892 | D:4      | Noticed a phantom
  2900 | D:4      | Killed an ogre
  2901 | D:4      | Reached skill level 1 in Slings
  2901 | D:4      | Reached skill level 1 in Armour
  2901 | D:4      | Gained mutation: A meltable icy envelope protects you from
                  | harm. (AC +8) [demonic ancestry]
  2901 | D:4      | Reached XP level 6. HP: 37/47 MP: 6/6
  3543 | D:4      | Noticed Robin
  3558 | D:4      | Reached XP level 7. HP: 49/52 MP: 7/7
  3597 | D:4      | Killed Robin
  3977 | D:4      | Found a sacrificial altar of Ru.
  3990 | D:4      | Reached skill level 1 in Shields
  4253 | D:5      | Entered Level 5 of the Dungeon
  4401 | D:5      | Noticed Sigmund
  4418 | D:5      | Killed Sigmund
  4876 | D:5      | Noticed a +0 hand axe
  4876 | D:5      | Noticed a +0 dagger
  4878 | D:5      | Found a hide-covered altar of Uskayaw.
  4991 | D:5      | Reached XP level 8. HP: 60/61 MP: 8/8
  5151 | D:5      | Found a staircase to the Ecumenical Temple.
  5154 | D:5      | Noticed Eustachio
  5160 | Temple   | Entered the Ecumenical Temple
  5346 | Temple   | Became a worshipper of Qazlal Stormbringer
  5395 | D:5      | Killed Eustachio
  5396 | D:5      | Reached skill level 1 in Invocations
  6017 | D:6      | Found a transporter.
  6183 | D:6      | Noticed TimeIsEndless's ghost (novice KoBr)
  6186 | D:6      | Found a transporter.
  6407 | D:7      | Identified a buzzing ring mail
  6444 | D:7      | Reached skill level 5 in Short Blades
  6759 | D:7      | Found a shadowy altar of Dithmenos.
  6862 | D:7      | Reached skill level 5 in Fighting
  7404 | D:7      | Reached * piety under Qazlal
  7405 | D:7      | Gained mutation: You have sharp toenails. [demonic
                  | ancestry]
  7405 | D:7      | Reached XP level 9. HP: 43/68 MP: 9/11
  7592 | D:8      | Found a shimmering blue altar of Sif Muna.
  7599 | D:8      | Identified a slimy silver amulet
  7942 | D:8      | Found a staircase to the Lair.
  7944 | D:8      | Noticed a komodo dragon
  7961 | D:8      | Killed a komodo dragon
  8232 | D:8      | Found a burning altar of Makhleb.
  8233 | D:8      | Found a radiant altar of Vehumet.
  8319 | D:8      | Found a hazy altar of Hepliaklqana.
  8393 | D:9      | Found a staircase to the Orcish Mines.
  8410 | D:9      | Noticed a troll
  8420 | D:9      | Killed a troll
  8421 | D:9      | Reached skill level 1 in Spellcasting
  8434 | D:9      | Identified a crystal dagger
  8503 | D:9      | Reached ** piety under Qazlal
  8523 | D:9      | Identified the +2 short sword of Ajeub {vorpal, rElec rF+
                  | Str-2}
  8819 | D:9      | Noticed a troll
  8831 | D:9      | Killed a troll
  8832 | D:9      | Reached skill level 5 in Invocations
  8832 | D:9      | Reached XP level 10. HP: 76/76 MP: 13/13
  9074 | D:9      | Found Piarphago's Magic Scroll Shoppe.
  9185 | D:9      | Identified a shimmering chain mail
  9591 | D:10     | Entered Level 10 of the Dungeon
 10089 | D:10     | Reached *** piety under Qazlal
 10324 | D:10     | Noticed a gargoyle
 10398 | D:11     | Reached skill level 5 in Shields
 10501 | D:11     | Reached skill level 5 in Dodging
 10509 | D:11     | Reached skill level 5 in Armour
 10675 | D:11     | Gained mutation: You have razor-sharp toenails. [demonic
                  | ancestry]
 10675 | D:11     | Reached XP level 11. HP: 84/84 MP: 16/16
 10866 | D:11     | Noticed a red ugly thing
 10892 | D:11     | Killed a red ugly thing
 10908 | D:11     | Identified a fine robe
 11553 | D:12     | You fall into a shaft and drop 1 floor!
 11553 | D:13     | Noticed a red ugly thing
 11568 | D:13     | Killed a red ugly thing
 11756 | D:13     | Reached **** piety under Qazlal
 11779 | D:13     | Noticed a tengu warrior
 11790 | D:13     | Noticed a tengu warrior
 11802 | D:13     | Killed a tengu warrior
 11803 | D:13     | Reached skill level 1 in Evocations
 11816 | D:13     | Killed a tengu warrior
 11822 | D:13     | Identified a garnet-encrusted plate armour
 11958 | D:13     | Noticed a tengu warrior
 12063 | D:12     | Noticed a boulder beetle
 12103 | D:12     | Killed a boulder beetle
 12495 | D:12     | Identified a scorched morningstar
 12911 | D:13     | Noticed a boulder beetle
 12945 | D:13     | Killed a boulder beetle
 13170 | D:13     | Killed a tengu warrior
 13363 | D:13     | Found a runed translucent door.
 13609 | D:13     | Gained mutation: You have claws for feet. [demonic
                  | ancestry]
 13609 | D:13     | Reached XP level 12. HP: 89/92 MP: 19/19
 13732 | D:13     | Found a portal to a secret trove of treasure.
 13961 | D:13     | Noticed an orc high priest
 13979 | D:13     | Reached skill level 5 in Spellcasting
 13992 | D:13     | Killed an orc high priest
 14173 | D:13     | Found a roughly hewn altar of Beogh.
 14245 | D:14     | Noticed Rupert
 14323 | D:14     | Learned a level 4 spell: Airstrike
 14671 | D:14     | Found Uduic's Book Boutique.
 14924 | D:14     | Reached skill level 1 in Air Magic
 14939 | D:14     | Noticed a vault guard
 14990 | D:14     | Killed a vault guard
 15334 | D:14     | Identified Roxanne's Tome of the Rocks
 15334 | D:14     | Noticed Roxanne
 15517 | D:14     | Killed Rupert
 15733 | D:14     | Reached XP level 13. HP: 99/99 MP: 22/22
 15940 | D:14     | Found Ushrax's Weapon Shoppe.
 16072 | D:14     | Found a gate to the Vaults.
 16195 | D:14     | Found Geitem's Weapon Boutique.
 16299 | D:14     | Found Iradwal's Magic Scroll Emporium.
 16337 | D:14     | Found a snail-covered altar of Cheibriados.
 16394 | D:15     | Entered Level 15 of the Dungeon
 16503 | D:15     | Found Jome's Antique Weapon Shoppe.
 17453 | D:15     | Found an opulent altar of Gozag.
 17585 | D:15     | Reached skill level 10 in Invocations
 17586 | D:15     | Found a staircase to the Depths.
 17587 | D:15     | Noticed a frost giant
 17991 | D:15     | Killed a frost giant
 18322 | Lair:1   | Entered Level 1 of the Lair of Beasts
 18669 | Lair:1   | Noticed Joseph
 18670 | Lair:1   | Noticed Gastronok
 18704 | Lair:1   | Killed Joseph
 18726 | Lair:1   | Killed Gastronok
 19038 | Lair:1   | Noticed Erica
 19053 | Lair:1   | Killed Erica
 19672 | Lair:2   | Reached skill level 1 in Long Blades
 19701 | Lair:2   | Learned a level 5 spell: Blade Hands
 20077 | Lair:3   | Reached XP level 14. HP: 57/99 MP: 25/25
 20590 | Lair:3   | Reached ***** piety under Qazlal
 20612 | Lair:3   | Reached skill level 1 in Transmutations
 21472 | Lair:3   | Reached skill level 5 in Throwing
 21866 | Lair:3   | Identified a clouded amethyst amulet
 21995 | Lair:4   | Found a gate leading to a gauntlet.
 22003 | Gauntlet | Entered a Gauntlet
 22003 | Gauntlet | Found a transporter.
 22003 | Gauntlet | Found a transporter.
 22030 | Gauntlet | Found a transporter.
 22034 | Gauntlet | Found a transporter.
 22042 | Gauntlet | Found a transporter.
 22046 | Gauntlet | Found a transporter.
 22054 | Gauntlet | Found a transporter.
 22071 | Gauntlet | Found a transporter.
 22085 | Gauntlet | Found a transporter.
 22089 | Gauntlet | Found a transporter.
 22097 | Gauntlet | Found a transporter.
 22101 | Gauntlet | Found a transporter.
 22528 | Gauntlet | Identified the +7 demon blade of Compound Interest {flame,
                  | Fragile Int+4}
 22630 | Lair:4   | Reached skill level 5 in Air Magic
 22633 | Lair:4   | Found a staircase to the Snake Pit.
 23022 | Lair:4   | Found a staircase to the Shoals.
 23240 | Lair:5   | Found a blossoming altar of Fedhas.
 23822 | Lair:6   | Entered Level 6 of the Lair of Beasts
 24115 | Lair:6   | Reached XP level 15. HP: 115/115 MP: 27/27
 24210 | Lair:6   | Reached skill level 10 in Fighting
 24214 | Lair:6   | Reached skill level 5 in Long Blades
 24708 | Lair:6   | Found a viscous altar of Jiyva.
 24708 | Lair:6   | Found a staircase to the Slime Pits.
 24992 | Orc:1    | Entered Level 1 of the Orcish Mines
 25028 | Orc:1    | Reached ****** piety under Qazlal
 25119 | Orc:1    | Found a roughly hewn altar of Beogh.
 25392 | Orc:2    | Entered Level 2 of the Orcish Mines
 25456 | Orc:2    | Found a staircase to the Elven Halls.
 25682 | Orc:2    | Paralysed by an orc sorcerer for 6 turns
 25722 | Orc:2    | Found Tut Jitu's Armour Shop.
 25722 | Orc:2    | Found Yphasur's General Store.
 25732 | Orc:2    | Found Vesucoi's Antique Armour Shoppe.
 25734 | Orc:2    | Found Meneykha's Jewellery Boutique.
 25879 | Orc:2    | Found Udoosod's Antique Weapon Emporium.
 26044 | Orc:2    | Noticed Snorg
 26054 | Orc:2    | Killed Snorg
 26146 | Orc:2    | Found Zemigo's Book Emporium.
 26346 | D:3      | Bought a potion of curing for 90 gold pieces
 26546 | D:13     | You paid a toll of 19 potions of curing to enter a treasure
                  | trove
 26547 | Trove    | Entered a treasure trove
 26618 | Trove    | Identified a slimy crystal amulet
 26859 | Shoals:1 | Entered Level 1 of the Shoals
 27684 | Shoals:2 | Reached skill level 5 in Transmutations
 27888 | Shoals:2 | Reached XP level 16. HP: 78/124 MP: 29/29
 28274 | Shoals:2 | Found Luiho's Armour Shoppe.
 28590 | Shoals:3 | Reached skill level 10 in Shields
 28853 | Shoals:3 | Gained mutation: You are mostly covered in iridescent
                  | scales. (AC +4) [demonic ancestry]
 28853 | Shoals:3 | Reached XP level 17. HP: 133/133 MP: 30/30
 29333 | Shoals:4 | Entered Level 4 of the Shoals
 29618 | Shoals:4 | Reached skill level 10 in Dodging
 30396 | Shoals:4 | Got a barnacled rune of Zot
 30994 | Vaults:1 | Entered Level 1 of the Vaults
 31007 | Vaults:1 | Paralysed by something for 2 turns
 31008 | Vaults:1 | Cast into level 3 of the Abyss (a wizard)
 31069 | Vaults:1 | Escaped the Abyss
 31111 | Vaults:1 | Paralysed by something for 3 turns
 31314 | Vaults:1 | Gained mutation: Spells you cast may paralyse adjacent
                  | enemies. [demonic ancestry]
 31314 | Vaults:1 | Reached XP level 18. HP: 141/141 MP: 31/31
 31802 | Vaults:1 | Reached skill level 10 in Spellcasting
 32540 | Vaults:2 | Found Mejoidubb's Assorted Antiques.
 32547 | Vaults:2 | Bought a translucent helmet for 323 gold pieces
 32547 | Vaults:2 | Identified the +0 helmet of Gehenna {rF+ rC+ rN+ Dex-4}
                  | (You bought it in a shop on level 2 of the Vaults)
 32596 | Vaults:2 | Found Siczemim's Distillery.
 32610 | Vaults:2 | Paralysed by something for 3 turns
 33447 | Vaults:2 | Reached skill level 10 in Long Blades
 33490 | Vaults:2 | Found Dussery's Weapon Boutique.
 33571 | Vaults:2 | Gained mutation: Spells you cast may paralyse nearby
                  | enemies. [demonic ancestry]
 33571 | Vaults:2 | Reached XP level 19. HP: 145/149 MP: 33/33
 33714 | Vaults:2 | Found Ogruaz's Antique Armour Shoppe.
 33728 | Vaults:2 | Bought a pair of glowing gloves for 247 gold pieces
 33896 | Vaults:3 | Noticed a bone dragon
 33921 | Vaults:3 | Killed a bone dragon
 34005 | Vaults:3 | Found a staircase to the Crypt.
 34357 | Vaults:3 | Noticed Mennas
 34408 | Vaults:3 | HP: 2/149 [Mennas/+3 sacred scourge of holy wrath (15)]
 34408 | Vaults:3 | Mangled by Mennas

Illustrated notes

Levels and vault maps discovered:
D:1:      giann_forest_graveyard, layout_loops_ring, lemuel_old_faithful
D:2:      layout_loops_ring, nzn_wu_jian_council_hall, uniq_terence,
          uniq_jessica
D:3:      layout_basic, zin_purify, lemuel_crystal_altar, serial_corexii_hall,
          corexii_hall_statues_x, corexii_hall_statues_i
D:4:      kennysheep_goblin_castle, layout_basic, marbit_many_paths,
          nicolae_overflow_crystal_walls, grunt_temple_overflow_open,
          kennysheep_nub
D:5:      layout_basic, dancing_weapons_uskayaw, minmay_temple_entry_nine_rooms,
          serial_glass, glass_columns_c, glass_columns_b, uniq_sigmund,
          uniq_eustachio
D:6:      layout_loops_ring, gammafunk_ghost_arena
D:7:      layout_basic, kennysheep_mini
D:8:      layout_rooms, grunt_temple_overflow_lords_of_destruction,
          nzn_hepliaklqana_mist_gate, david_lair_shrubbed, basic_altar
D:9:      layout_cave_pods, erik_orc_4, serial_shops, shop, minmay_checkerbox
D:10:     layout_roguey, lightli_corner_chamber
D:11:     layout_cave_pools, chequers_serial_rivers_micro_c
D:12:     layout_basic, eino_tiny_chamber, kennysheep_generic_room_10
D:13:     layout_roguey, nicolae_trove_entry_diagonal, palyth_stone_intersect,
          lightli_church_of_beogh
D:14:     layout_loops_ring, grunt_vaults_entry_tiered, basic_altar,
          minmay_misc_feat_x, serial_shops, nicolae_shop_trees, shop_statue,
          nicolae_shop_window_shopping, nicolae_shop_behind_doors, uniq_rupert,
          uniq_roxanne
D:15:     grunt_enter_depths_snipers, layout_rooms, serial_shops, shop,
          hex_intersection, minivault_24, grunt_gozag_breadcrumbs
Temple:   chequers_temple_sunken
Lair:1:   layout_loops_ring, uniq_erica, uniq_gastronok, uniq_joseph
Lair:2:   layout_roguey, nicolae_quartered_pool_medium, minmay_holes
Lair:3:   layout_misc_corridors, grunt_forest_small_clearing_treed,
          lemuel_fruit_tree, grunt_megastairs_3, minmay_lair_oklob_chamber
Lair:4:   layout_concentric_octagons, minmay_shoals_entry_hut,
          dummy_snake_entry, gauntlet_entry_generic
Lair:5:   layout_gridlike, basic_altar, grunt_megastairs_5
Lair:6:   minmay_lair_end_frog_pond, layout_loops_ring,
          dpeg_slime_entry_enclosed_altar
Shoals:1: nicolae_shoals_island_circles, layout_shoals
Shoals:2: layout_shoals, serial_shops, shop
Shoals:3: layout_shoals
Shoals:4: shoals_end_simple, layout_shoals, hangedman_shoals_cup_caves
Orc:1:    layout_caves, basic_altar
Orc:2:    st_orc_rangers, layout_diamond_mine, serial_shops,
          nicolae_shop_competitors_out_of_business, nicolae_shop_behind_doors,
          uniq_snorg
Vaults:1: v_misc_13, st_spiral_rooms, v_rooms_5, v_misc_10, v_misc_25,
          vaults_dpeg_hooks, layout_vaults_omnigrid
Vaults:2: v_misc_32, nicolae_vaults_little_squares_4, ontoclasm_vaults_hangar,
          v_misc_2, dpeg_vaults_monster_row, nicolae_vaults_theta,
          hangedman_vaults_locks, v_alt_pattern_3, ontoclasm_vaults_ring_small,
          layout_vaults_big_cross, serial_shops, nicolae_shop_crystal, shop,
          shop, nicolae_shop_temple_entry_statues_fountains
Vaults:3: gammafunk_vaults_ghost_fury_of_okawaru, st_hourglassy,
          nicolae_vaults_asterisk, v_pattern_1, nicolae_vaults_little_squares_5,
          vaults_mumra_hexcomb, nicolae_vaults_big_angled_halls,
          hangedman_vaults_corner_blocks, nicolae_vaults_little_squares_6,
          vaults_room_grunt_arrival_ludios, minmay_crypt_entry_nasty_monster,
          dpeg_vaults_monster_box, hangedman_vaults_restitches, v_misc_2,
          ontoclasm_vaults_ligature, vaults_dpeg_cross, v_misc_22,
          layout_vaults_ring, uniq_mennas

Skill      XL: |  1  2  3  4  5  6  7  8  9 10 11 12 13 14 15 16 17 18 19 |
---------------+----------------------------------------------------------+-----
Stealth        | 4 5 |  5.4
Dodging        | 1 2 3 4 5 6 7 8 9 10 11 | 11.1
Short Blades   | 2 3 4 6 7 8 9 |  9.3
Fighting       | 3 4 5 6 7 8 9 10 12 13 | 13.3
Slings         | 1 2 |  2.1
Armour         | 1 2 3 4 5 6 7 8 |  8.6
Throwing       | 2 3 4 5 6 |  6.2
Shields        | 1 2 3 5 6 7 8 9 10 11 | 11.3
Invocations    | 2 5 6 8 9 10 11 12 13 | 13.8
Spellcasting   | 1 3 4 6 7 8 9 10 | 10.7
Evocations     | 3 4 |  4.0
Air Magic      | 2 4 5 6 7 8 |  8.5
Long Blades    | 1 4 6 7 10 11 | 11.0
Transmutations | 3 5 6 7 |  7.8

Action                   |  1- 3 |  4- 6 |  7- 9 | 10-12 | 13-15 | 16-18 | 19-21 || total
-------------------------+-------+-------+-------+-------+-------+-------+-------++-------
Melee: Dagger            |    64 |   166 |   703 |   866 |   408 |       |       ||  2207
       Kick              |       |       |   151 |   522 |   723 |   426 |   117 ||  1939
       Scimitar          |       |       |       |       |   217 |       |       ||   217
       Demon blade       |       |       |       |       |   558 |   758 |   200 ||  1516
 Fire: Hunting sling     |       |    41 |       |       |       |       |       ||    41
Throw: Dart              |       |    14 |       |    89 |    38 |       |       ||   141
       Boomerang         |       |       |       |       |   177 |   119 |       ||   296
Invok: Elemental Force   |       |       |       |     2 |     2 |     2 |     1 ||     7
       Upheaval          |       |       |       |     2 |     3 |     1 |       ||     6
       Disaster Area     |       |       |       |       |     1 |       |       ||     1
Evoke: Wand              |       |       |       |     2 |     7 |    20 |    23 ||    52
       Phantom mirror    |       |       |       |       |     1 |       |     1 ||     2
       Condenser vane    |       |       |       |       |     2 |     3 |     2 ||     7
  Use: Scroll            |       |       |     1 |    21 |    12 |     2 |     2 ||    38
       Potion            |       |       |       |     2 |     2 |     2 |     2 ||     8
 Stab: Sleeping          |     3 |     3 |     2 |       |       |       |       ||     8
       Confused          |       |       |       |     1 |       |     1 |     5 ||     7
       Distracted        |       |       |       |       |     1 |       |       ||     1
       Petrified         |       |       |       |       |     5 |       |     1 ||     6
       Invisible         |       |       |       |       |     1 |       |       ||     1
       Petrifying        |       |       |       |       |       |       |     2 ||     2
Armor: Robe              |    25 |     1 |       |       |       |       |       ||    26
       Scale mail        |       |    57 |   207 |     2 |       |       |       ||   266
       Chain mail        |       |       |       |   168 |   397 |   298 |    62 ||   925
Dodge: Dodged            |    40 |    71 |   283 |   204 |   473 |   318 |    64 ||  1453
       Repelled          |       |       |       |     3 |    21 |    14 |       ||    38
Block: Other             |       |    30 |    70 |       |       |     1 |       ||   101
       Buckler           |       |       |   116 |   427 |  1122 |   126 |       ||  1791
       Kite shield       |       |       |       |       |       |   773 |   193 ||   966
       Reflection        |       |       |       |       |       |    51 |     6 ||    57
       Rpst.: Scimitar   |       |       |       |       |    16 |       |       ||    16
       Demon blade       |       |       |       |       |    56 |    50 |    14 ||   120

Table legend: (Time is in decaauts)
 A = Elapsed time spent in this place.
 B = Non-inter-level travel time spent in this place.
 C = Inter-level travel time spent in this place.
 D = Time resting spent in this place.
 E = Time spent auto-exploring this place.
 F = Levels seen in this place.
 G = Mean time per level.
                   A        B        C        D        E       F      G
               +--------+--------+--------+--------+--------+-----+--------+
         Total |  33971 |  31837 |   2134 |   2741 |  21846 |  34 |  999.1 |
       Dungeon |  18082 |  16728 |   1354 |   1114 |  12345 |  15 | 1205.5 |
        Temple |    271 |    245 |     26 |      0 |    237 |   1 |  271.0 |
          Lair |   6407 |   6019 |    388 |   1198 |   3702 |   6 | 1067.8 |
        Shoals |   3948 |   3713 |    235 |    268 |   2243 |   4 |  987.0 |
  Orcish Mines |   1208 |   1176 |     32 |      0 |    865 |   2 |  604.0 |
        Vaults |   3261 |   3164 |     97 |     76 |   2195 |   3 | 1087.0 |
         Abyss |     59 |     59 |      0 |      0 |     16 |   1 |   59.0 |
         Trove |    126 |    126 |      0 |      0 |     18 |   1 |  126.0 |
      Gauntlet |    604 |    604 |      0 |     85 |    224 |   1 |  604.0 |
               +--------+--------+--------+--------+--------+-----+--------+

Top non-repeatable levels by time:
    D:14: 2298 daAuts
    D:13: 1872 daAuts
  Lair:3: 1613 daAuts
    D:15: 1471 daAuts
     D:4: 1456 daAuts
Vaults:2: 1375 daAuts
Vaults:1: 1372 daAuts
     D:9: 1367 daAuts
Shoals:4: 1287 daAuts
     D:5: 1275 daAuts
     D:2: 1212 daAuts
     D:7: 1149 daAuts
  Lair:2: 1138 daAuts
  Lair:1: 1068 daAuts
Shoals:3: 1064 daAuts
